 Dungeon Crawl Stone Soup version 0.30-a0-534-gdc55766716 (webtiles) character file.

Game seed: 15034655726989501341

938 sammy202020 the Trooper (level 8, 0/50 HPs)
             Began as a Gargoyle Fighter on Dec 25, 2022.
             Slain by an orc wizard
             ... wielding a +0 dagger
              (2 damage)
             ... on level 5 of the Dungeon.
             The game lasted 00:07:48 (4437 turns).

sammy202020 the Trooper (Gargoyle Fighter)          Turns: 4437, Time: 00:07:49

Health: 0/50       AC: 19    Str: 20    XL:     8   Next: 12%
Magic:  8/8        EV:  6    Int: 11    God:
Gold:   207        SH:  5    Dex:  9    Spells: 7/7 levels left

rFire   . . .      SeeInvis .    a - +0 flail
rCold   . . .      Faith    .    c - +0 buckler
rNeg    + . .      Spirit   .    o - +0 plate armour
rPois   ∞          Reflect  .    (no helmet)
rElec   +          Harm     .    (no cloak)
rCorr   .          Rampage  .    b - +0 pair of gloves
Will    .....                    (no boots) Stlth
                                 (no amulet)
HPRegen 0.28/turn                (no ring)
MPRegen 0.11/turn                (no ring)

@: mighty
A: sickness immunity, AC +5, negative energy resistance 1, electricity
resistance, torment resistance 1, petrification resistance
a: no special abilities


You were on level 5 of the Dungeon.
You visited 1 branch of the dungeon, and saw 5 of its levels.

You collected 207 gold pieces.

Inventory:

Hand Weapons
 a - a +0 flail (weapon)
Missiles
 g - 5 boomerangs (quivered)
 q - a throwing net
Armour
 b - a +0 pair of gloves (worn)
 c - a +0 buckler (worn)
 o - a +0 plate armour (worn)
 s - a +1 chain mail of fire resistance
Wands
 p - a wand of flame (28)
Scrolls
 f - a scroll of fog {unknown}
 j - a scroll of torment {unknown}
 k - a scroll of blinking {unknown}
Potions
 e - 5 potions of curing
 h - a potion of flight {unknown}
 i - 2 potions of heal wounds
 l - a potion of magic {unknown}
 m - 2 potions of cancellation
 n - a potion of haste {unknown}
 r - a potion of mutation {unknown}


   Skills:
 + Level 5.5 Fighting
 + Level 4.3 Maces & Flails
 + Level 5.4 Armour
 + Level 3.1 Dodging
 + Level 5.4 Shields


You had 7 spell levels left.
You didn't know any spells.
Your spell library contained the following spells:

 Spells                   Type           Power      Damage    Failure   Level
 Beastly Appendage        Tmut           0%         N/A       100%        1
 Kiss of Death            Conj/Necr      0%         2d5       100%        1
 Summon Small Mammal      Summ           0%         N/A       100%        1
 Wereblood                Tmut           0%         N/A       100%        2
 Call Canine Familiar     Summ           0%         N/A       100%        3
 Confusing Touch          Hex            0%         N/A       100%        3
 Frozen Ramparts          Ice            0%         1d1       100%        3
 Spider Form              Tmut/Pois      0%         N/A       100%        3
 Summon Guardian Golem    Hex/Summ       0%         N/A       100%        3
 Dispel Undead            Necr           0%         3d6       100%        4
 Ice Form                 Ice/Tmut       0%         N/A       100%        4
 Summon Ice Beast         Ice/Summ       0%         N/A       100%        4


Dungeon Overview and Level Annotations

Branches:
Dungeon (5/15)
 Temple: D:4-7

Altars:
Dithmenos
Makhleb
Uskayaw
Xom
Yredelemnul


Innate Abilities, Weirdness & Mutations

You are immune to sickness and miasma.
Your stone body is resilient. (AC +5)
You are immune to poison.
You resist negative energy. (rN+)
You are resistant to electric shocks. (rElec)
You are resistant to unholy torment.
You are immune to petrification.


Message History

Something hits you but does no damage. The necrophage barely misses you.
Unknown command.
You bludgeon the necrophage!!
The necrophage is severely damaged.
Something hits you.
* * * LOW HITPOINT WARNING * * *
Something hits you but does no damage.
The necrophage hits you but does no damage.
You hear some strange, mumbled words.
Something tries to affect you, but you resist.
Something hits you but does no damage.
The necrophage hits you but does no damage.
You barely miss the necrophage.
The necrophage is severely damaged.
You feel less confused. Something completely misses you.
You hear some strange, mumbled words.
A puff of flame appears from out of thin air!
The puff of flame hits something!
Something hits you but does no damage.
The necrophage hits you but does no damage.
You barely miss the necrophage.
The necrophage is severely damaged.
You block something's attack. Something hits you but does no damage.
The necrophage barely misses you.
You sock the necrophage!
You destroy the necrophage!
Something hits you but does no damage. x2
You closely miss something.
An orc wizard appears from thin air!
Reactivating autopickup.
Something hits you but does no damage.
Deactivating autopickup; reactivate with Ctrl-A.
You hear some strange, mumbled words.
Something tries to affect you, but you resist.
The orc wizard gestures at you while chanting.
The puff of flame hits you!
* * * LOW HITPOINT WARNING * * *
You completely miss the orc wizard.
An orc wizard appears from thin air!
Reactivating autopickup.
The orc wizard hits you with a +0 dagger.
You die...

. #. #.###.....## #
#.##.##.......# #
#...........##
####.........|#.####
.##...##......#.#..##
...<[..#............#
......###......<...##
........#..........#
....##.........{@###
#...# ........##oo#
##..............S.#
#.....#..........##
.....##..#........
...... ..#........
.... ....... ....
......... ..


You could see 2 orc wizards and an adder.

Vanquished Creatures
  A black bear (D:4)
  An ice beast (D:4)
  A centaur (D:5)
  Blork the orc (D:4)
  A bullfrog (D:5)
  3 scorpions
  A necrophage (D:5)
  2 hounds (D:4)
  An orc priest (D:5)
  An iguana (D:5)
  An orc wizard (D:3)
  7 gnolls
  2 adders (D:4)
  3 dart slugs
  5 orcs
  10 ball pythons
  6 endoplasms
  3 giant cockroaches
  5 goblins
  5 hobgoblins
  9 jackals
  7 kobolds
  3 quokkas
  4 bats
  2 frilled lizards
  7 rats
92 creatures vanquished.

Notes
Turn   | Place    | Note
-------+----------+-------------------------------------------
     0 | D:1      | sammy202020 the Gargoyle Fighter began the quest for the
                  | Orb.
     0 | D:1      | Reached XP level 1. HP: 14/14 MP: 1/1
   123 | D:1      | Reached XP level 2. HP: 18/19 MP: 2/2
   386 | D:1      | Reached XP level 3. HP: 23/23 MP: 3/3
   541 | D:1      | Found a faded altar of an unknown god.
  1212 | D:2      | Reached skill level 1 in Dodging
  1716 | D:3      | Reached XP level 4. HP: 25/29 MP: 4/4
  1955 | D:3      | Reached XP level 5. HP: 20/33 MP: 5/5
  2384 | D:3      | Found a burning altar of Makhleb.
  2829 | D:4      | Noticed Blork the orc
  2848 | D:4      | Killed Blork the orc
  2975 | D:4      | Reached XP level 6. HP: 39/39 MP: 6/6
  3018 | D:4      | Found a hide-covered altar of Uskayaw.
  3206 | D:4      | Identified the +0 robe of the Trout {Contam Fly rC+}
  3230 | D:4      | Found a snail-covered altar of Cheibriados.
  3232 | D:4      | Found a basalt altar of Yredelemnul.
  3232 | D:4      | Found a shimmering altar of Xom.
  3234 | D:4      | Found a hide-covered altar of Uskayaw.
  3234 | D:4      | Found a shadowy altar of Dithmenos.
  3234 | D:4      | Found a shimmering altar of Xom.
  3310 | D:4      | Noticed a black bear
  3328 | D:4      | Killed a black bear
  3811 | D:4      | Reached XP level 7. HP: 44/44 MP: 7/7
  3845 | D:4      | Reached skill level 5 in Fighting
  3845 | D:4      | Reached skill level 5 in Armour
  3868 | D:4      | Reached skill level 5 in Shields
  4253 | D:5      | Entered Level 5 of the Dungeon
  4345 | D:5      | Reached XP level 8. HP: 43/50 MP: 8/8
  4436 | D:5      | HP: 1/50 [orc wizard/puff of flame (8)]
  4437 | D:5      | Slain by an orc wizard

Illustrated notes

Levels and vault maps discovered:
D:1:      amcnicky_arrival_single_pillar, layout_basic,
          shapermc_ecumenical_altar_ellora
D:2:      layout_loops_ring
D:3:      layout_basic, lightli_temple_of_fire
D:4:      nicolae_cairo_tiling_large, layout_loops_corners,
          nicolae_uskayaw_dance_hall, doesnt_xom_only_xom, uniq_blork_the_orc
D:5:      layout_cave_pools, portal_sewer_entry_f, minmay_misc_feat_nine_boxes

Skill      XL: |  1  2  3  4  5  6  7 |
---------------+----------------------+-----
Dodging        | 1 2 3 |  3.1
Fighting       | 4 5 |  5.5
Armour         | 4 5 |  5.4
Shields        | 4 5 |  5.4
Maces & Flails | 3 4 |  4.3

Action                   |  1- 3 |  4- 6 |  7- 9 || total
-------------------------+-------+-------+-------++-------
Melee: Flail             |   127 |   166 |    75 ||   368
Throw: Boomerang         |       |     1 |       ||     1
  Use: Scroll            |     4 |     4 |       ||     8
       Potion            |       |     1 |     1 ||     2
Armor: Scale mail        |    56 |       |       ||    56
       Chain mail        |    13 |    77 |       ||    90
       Plate armour      |       |    75 |    77 ||   152
Dodge: Dodged            |    55 |    80 |    21 ||   156
Block: Buckler           |    26 |    48 |    26 ||   100

Table legend: (Time is in decaauts)
 A = Elapsed time spent in this place.
 B = Non-inter-level travel time spent in this place.
 C = Inter-level travel time spent in this place.
 D = Time resting spent in this place.
 E = Time spent auto-exploring this place.
 F = Levels seen in this place.
 G = Mean time per level.
                   A        B        C        D        E       F      G
               +--------+--------+--------+--------+--------+-----+--------+
         Total |   4544 |   4362 |    182 |    563 |   2722 |   5 |  908.8 |
       Dungeon |   4544 |   4362 |    182 |    563 |   2722 |   5 |  908.8 |
               +--------+--------+--------+--------+--------+-----+--------+

Top non-repeatable levels by time:
     D:4: 1630 daAuts
     D:3: 1042 daAuts
     D:1: 981 daAuts
     D:2: 694 daAuts
     D:5: 195 daAuts
